 Dungeon Crawl Stone Soup version 0.27-a0-1065-ge809cff456 (webtiles) character file.

Game seed: 16377041177813654218

8169 karkarkar the Fighter (level 11, -1/127 HPs)
             Began as an Ogre Berserker on Apr 21, 2021.
             Was an Elder of Trog.
             Slain by a troll (7 damage)
             ... on level 8 of the Dungeon on Apr 22, 2021.
             The game lasted 02:29:53 (11498 turns).

karkarkar the Fighter (Ogre Berserker)             Turns: 11498, Time: 02:29:53

Health: -1/127     AC: 10    Str: 26    XL:     11   Next: 26%
Magic:  11/11      EV: 14    Int:  8    God:    Trog [****..]
Gold:   632        SH:  0    Dex: 20    Spells: 10/10 levels left

rFire    . . .     SeeInvis .   a - +1 mace (drain)
rCold    . . .     Faith    .   (no shield)
rNeg     . . .     Spirit   .   F - +0 acid dragon scales
rPois    .         Reflect  .   s - +2 hat
rElec    .         Harm     .   A - +0 cloak
rCorr    +         Rampage  .   (gloves unavailable)
Will     +....                  (boots unavailable)
Stlth    ++........             (no amulet)
HPRegen  0.31/turn              j - +6 ring of dexterity
MPRegen  0.12/turn              K - +6 ring of dexterity

@: about to teleport, on berserk cooldown, slowed, very slow
A: large, unfitting armour, tough skin 1
a: Renounce Religion, Berserk, Trog's Hand, Brothers in Arms


You were on level 8 of the Dungeon.
You worshipped Trog.
Trog was greatly pleased with you.
You visited 1 branch of the dungeon, and saw 8 of its levels.
You also visited: Ossuary.

You collected 632 gold pieces.

Inventory:

Hand Weapons
 a - a +1 mace of draining (weapon)
 b - a +4 club
 g - a +1 dagger of speed
 p - a +2 vampiric dagger
 q - a +0 quarterstaff
 H - a +0 broad axe
Missiles
 h - 26 sling bullets
 l - 237 stones
 r - 45 poisoned darts (quivered)
 y - 4 boomerangs of dispersal
 O - 2 curare-tipped darts
Armour
 o - a +2 hat of intelligence
 s - a +2 hat (worn)
 u - a +0 robe
 w - a +2 animal skin
 x - the +2 helmet of Liberalism {Str+4}
   (You took it off Robin on level 4 of the Dungeon)

   It affects your strength (+4).
 A - a +0 cloak (worn)
 F - +0 acid dragon scales (worn)
 P - a +0 tower shield
Jewellery
 j - a +6 ring of dexterity (left hand)
 z - a ring of poison resistance
 C - a ring of willpower
 K - a +6 ring of dexterity (right hand)
Wands
 L - a wand of paralysis (9)
Scrolls
 d - 3 scrolls of blinking
 e - a scroll of immolation
 k - 2 scrolls of teleportation
 m - a scroll of amnesia
 t - a scroll of magic mapping
 v - 2 scrolls of enchant armour
 E - a scroll of holy word
 J - 3 scrolls of identify
Potions
 c - 4 potions of lignification
 f - a potion of ambrosia
 i - a potion of invisibility
 n - 3 potions of berserk rage
 B - a potion of flight
 D - a potion of might {unknown}
 G - a potion of attraction
 I - a potion of brilliance
 M - a potion of curing
 N - a potion of mutation {unknown}


   Skills:
 * Level 13.3 Fighting
 + Level 8.9(10.0) Axes
 * Level 6.7(8.5) Maces & Flails
 - Level 1.7 Throwing
 + Level 7.6 Dodging
 - Level 0.8 Stealth


You had 10 spell levels left.
You didn't know any spells.
Your spell library contained the following spells:

 Spells                   Type           Power      Damage    Failure   Level
 Sandblast                Erth           0%         2d4       47%         1
 Passwall                 Tmut/Erth      0%         N/A       63%         2
 Stone Arrow              Conj/Erth      0%         3d7       85%         3
 Petrify                  Tmut/Erth      0%         N/A       99%         4
 Bolt of Magma            Conj/Fire/Erth 0%         4d4       100%        5
 Iskenderun's Battlesphe  Conj           0%         2d6       100%        5
 Lee's Rapid Deconstruct  Erth           0%         3d5*      100%        5
 Iron Shot                Conj/Erth      0%         9d1       100%        6
 Orb of Destruction       Conj           0%         N/A       100%        7
 Spellforged Servitor     Conj/Summ      0%         N/A       100%        7


Dungeon Overview and Level Annotations

Branches:
Dungeon (8/15)             Temple (0/1) D:7         Ossuary (visited)
   Lair: D:8-11

Altars:
Ashenzari
Hepliaklqana
Sif Muna
Uskayaw
Xom

Shops:
D:5 ?

Annotations:
D:8 1 exclusion


Innate Abilities, Weirdness & Mutations

You are too large for most types of armour.
You have tough skin. (AC +1)


Message History

The troll bites you. The troll misses you. The troll claws you.
Okay, then.
You closely miss the troll.
The troll is almost dead.
You are no longer berserk.
You are exhausted.
You feel yourself slow down.
You're still recovering from your berserk rage.
Okay, then.
Okay, then.
Okay, then.
You sock the troll!
The troll is almost dead.
The troll bites you! The troll barely misses you. The troll misses you.
The troll bites you. The troll claws you.
* * * LOW HITPOINT WARNING * * *
The troll claws you but does no damage.
Blink to where?
Press: ? - help, Dir - move target
As you read the scroll of blinking, it crumbles to dust.
You feel better.
You barely miss the troll.
The troll is almost dead.
The troll closely misses you. x2; The troll claws you.
As you read the scroll of teleportation, it crumbles to dust.
You feel strangely unstable. The troll bites you but does no damage.
The troll closely misses you. The troll claws you!
* * * LOW HITPOINT WARNING * * *
You hit the troll.
The troll is severely wounded.
The troll bites you!
* * * LOW HITPOINT WARNING * * *
The troll claws you!
* * * LOW HITPOINT WARNING * * *
The troll barely misses you. The troll misses you.
The troll claws you but does no damage. The troll claws you.
* * * LOW HITPOINT WARNING * * *
The troll closely misses you. The troll claws you but does no damage.
The troll claws you!
You die...

#.# #.#.#####.###..#
##.###.#..#.##..##.##
........##..#.##.#.#
##.###.##.##..#..#.#
#.# #.##..###)# #.#
##.###.#.##.#..# #.#
...)...#..#..##..#.#
##.#########.#####.#
.......#.......T@#.#
##.###.#.###'###T#.#
.#..)#.# #.!...#.#.#
.#.###.# #T###.#.#.#
.......# #.# .#.#.#
##.#.#.# #T# #.#.#
)..#.#.# #T. #.#.#
##.###.# ### #.#.#
.......# #.#


You could see 2 trolls.

Vanquished Creatures
  Gastronok (D:8)
  A two-headed ogre (D:8)
  A deep elf pyromancer (D:8)
  A manticore (D:8)
  A hornet (D:8)
  A shadow (D:8)
  Sigmund (D:3)
  A wyvern (D:7)
  7 yaks (D:8)
  A steam dragon (D:8)
  An acid dragon (D:8)
  A water moccasin (D:8)
  Duvessa (D:6)
  3 black bears
  An orc warrior (D:7)
  An ice beast (D:6)
  3 sky beasts
  An ogre (D:7)
  2 centaurs (D:8)
  A phantom (D:6)
  3 kobold brigands
  A bullfrog (D:7)
  2 wyvern zombies (D:8)
  2 gnoll sergeants
  3 water moccasin zombies (Ossuary)
  A wyvern skeleton (D:7)
  Dowan (D:6)
  2 killer bees
  A howler monkey (D:6)
  A centaur zombie (D:4)
  A hound (D:5)
  4 centaur skeletons
  An orc priest (D:7)
  2 iguanas
  Natasha (thrice) (D:2)
  4 orc wizards
  A howler monkey zombie (D:8)
  3 mummies
  Robin (D:4)
  15 gnolls
  5 adders
  A howler monkey skeleton (D:6)
  A white imp (D:5)
  5 adder zombies (Ossuary)
  3 worms
  6 dart slugs
  23 orcs
  6 ball pythons
  9 bats
  6 endoplasms
  3 giant cockroaches
  2 gnoll zombies (Ossuary)
  17 goblins
  8 hobgoblins
  16 jackals
  2 quokkas (D:2)
  5 frilled lizards
  5 hobgoblin zombies (Ossuary)
  17 kobolds
  3 kobold zombies
  6 orc zombies (Ossuary)
  5 rats
  A spectral orc (D:4)
238 creatures vanquished.

Vanquished Creatures (collateral kills)
  Prince Ribbit (D:8)
  A centaur (D:8)
  A centaur zombie (D:8)
3 creatures vanquished.

Grand Total: 241 creatures vanquished

Notes
Turn   | Place    | Note
-------+----------+-------------------------------------------
     0 | D:1      | karkarkar the Ogre Berserker began the quest for the Orb.
     0 | D:1      | Reached XP level 1. HP: 24/24 MP: 1/1
    76 | D:1      | Reached XP level 2. HP: 32/32 MP: 2/2
   411 | D:1      | Reached XP level 3. HP: 40/40 MP: 3/3
  1189 | D:1      | Reached ** piety under Trog
  1545 | D:2      | Noticed Natasha
  1553 | D:2      | Killed Natasha
  1554 | D:2      | Reached XP level 4. HP: 49/49 MP: 4/4
  1811 | D:2      | Reached skill level 5 in Fighting
  1822 | D:2      | Noticed Natasha
  1838 | D:2      | Killed Natasha
  1839 | D:2      | Reached XP level 5. HP: 44/57 MP: 5/5
  2012 | D:2      | Found a faded altar of an unknown god.
  2014 | D:2      | Noticed Natasha
  2031 | D:2      | Killed Natasha
  3262 | D:3      | Reached XP level 6. HP: 66/66 MP: 6/6
  3372 | D:3      | Reached skill level 5 in Axes
  3501 | D:3      | Noticed Sigmund
  3516 | D:3      | Killed Sigmund
  3517 | D:3      | Reached skill level 1 in Throwing
  3517 | D:3      | Reached XP level 7. HP: 74/74 MP: 7/7
  3896 | D:4      | Reached skill level 6 in Fighting
  4177 | D:4      | Reached *** piety under Trog
  4337 | D:4      | Noticed a +0 dagger
  4337 | D:4      | Noticed a +0 dagger
  4500 | D:4      | Identified the +2 helmet of Liberalism {Str+4}
  4500 | D:4      | Noticed Robin
  4509 | D:4      | Killed Robin
  4630 | D:4      | Found a hazy altar of Hepliaklqana.
  4974 | D:4      | Found a hide-covered altar of Uskayaw.
  5177 | D:5      | Entered Level 5 of the Dungeon
  5287 | D:5      | Found Luetyrur's Magic Scroll Emporium.
  5412 | D:5      | Found a sand-covered staircase.
  5521 | Ossuary  | Entered an ossuary
  5528 | Ossuary  | Reached skill level 1 in Maces & Flails
  5680 | Ossuary  | Reached **** piety under Trog
  5708 | Ossuary  | Reached skill level 7 in Fighting
  5708 | Ossuary  | Reached XP level 8. HP: 87/87 MP: 8/8
  6653 | D:6      | Noticed Duvessa
  6653 | D:6      | Noticed Dowan
  6666 | D:6      | Killed Dowan
  6666 | D:6      | Killed Duvessa
  6667 | D:6      | Reached skill level 5 in Dodging
  6971 | D:6      | Reached skill level 8 in Fighting
  7275 | D:6      | Reached skill level 9 in Fighting
  7414 | D:6      | Reached XP level 9. HP: 98/98 MP: 9/9
  8015 | D:7      | Reached skill level 10 in Fighting
  8229 | D:7      | Found a staircase to the Ecumenical Temple.
  8532 | D:8      | Noticed Prince Ribbit
  8533 | D:8      | Upgraded the game from 0.27-a0-1060-gcb85b5eba1 to
                  | 0.27-a0-1065-ge809cff456
  8798 | D:8      | Killed Prince Ribbit
  8820 | D:8      | Found a shimmering blue altar of Sif Muna.
  8888 | D:8      | Reached ***** piety under Trog
  9117 | D:8      | Noticed a two-headed ogre
  9134 | D:8      | Killed a two-headed ogre
  9135 | D:8      | Reached skill level 11 in Fighting
  9135 | D:8      | Reached XP level 10. HP: 91/114 MP: 10/10
  9683 | D:8      | Noticed a deep elf pyromancer
  9694 | D:8      | Killed a deep elf pyromancer
  9695 | D:8      | Reached skill level 12 in Fighting
  9695 | D:8      | Reached skill level 5 in Maces & Flails
  9867 | D:8      | Found a large runed translucent door.
  9869 | D:8      | Found a large runed translucent door.
  9967 | D:8      | Noticed Gastronok
  9995 | D:8      | Killed Gastronok
  9996 | D:8      | Reached XP level 11. HP: 120/126 MP: 11/11
 10133 | D:8      | Found a broken altar of Ashenzari.
 10145 | D:8      | Reached skill level 13 in Fighting
 10190 | D:8      | Found a shimmering altar of Xom.
 10319 | D:8      | Paralysed by a hornet for 2 turns
 11471 | D:8      | Noticed a manticore
 11484 | D:8      | Killed a manticore
 11498 | D:8      | HP: 6/127 [troll (5)]
 11498 | D:8      | Slain by a troll

Illustrated notes

Levels and vault maps discovered:
D:1:      heliophobic_arrival_glass_houses, layout_basic
D:2:      minmay_recursive_quarters, layout_loops_ring,
          chequers_ecumenical_altar_simple_redux, uniq_natasha
D:3:      layout_loops_ring, uniq_sigmund
D:4:      layout_basic, nicolae_hepliaklqana_monster_ancestors,
          dancing_weapons_uskayaw, grunt_ministairs_13, minivault_4, uniq_robin
D:5:      layout_loops_ring, nicolae_ossuary_entry_giza, serial_shops, shop
D:6:      layout_rooms, bh_walls_and_bars, uniq_duvessa
D:7:      layout_basic, minmay_temple_entry_statues_fountains, minmay_between
D:8:      layout_layer_cave, old_standard_altar, jmf_multi_god_temple2,
          minmay_the_grid_2x2 [minmay_the_grid_medium_cups,
          minmay_the_grid_minigrid_large, minmay_the_grid_all_tris,
          minmay_the_grid_prize_shrinking_boxes], uniq_gastronok,
          uniq_prince_ribbit1

Skill      XL: |  1  2  3  4  5  6  7  8  9 10 11 |
---------------+----------------------------------+-----
Dodging        | 3 4 5 6 7 |  7.6
Axes           | 4 5 6 7 8 |  8.9
Fighting       | 5 7 9 11 12 13 | 13.3
Throwing       | 1 |  1.7
Maces & Flails | 1 2 4 6 |  6.7
Stealth        | |  0.8

Action                   |  1- 3 |  4- 6 |  7- 9 | 10-12 || total
-------------------------+-------+-------+-------+-------++-------
Melee: Hand axe          |    83 |   198 |    73 |       ||   354
       Club              |       |       |   167 |       ||   167
       Broad axe         |       |       |    48 |       ||    48
       Mace              |       |       |   141 |   139 ||   280
Throw: Stone             |       |    37 |       |       ||    37
       Dart              |       |       |    42 |     5 ||    47
Invok: Berserk           |     7 |     8 |    17 |     8 ||    40
       Trog's Hand       |       |     3 |       |     4 ||     7
       Brothers in Arms  |       |       |     1 |       ||     1
  Use: Scroll            |     2 |       |    11 |     5 ||    18
       Potion            |     1 |     4 |     6 |     6 ||    17
 Stab: Sleeping          |       |       |     3 |     1 ||     4
Armor: Animal skin       |    33 |    64 |   164 |    49 ||   310
       Acid dragon scale |       |       |       |     7 ||     7
Dodge: Dodged            |    51 |   113 |   293 |    98 ||   555
Block: Tower shield      |       |       |    54 |    72 ||   126

Table legend: (Time is in decaauts)
 A = Elapsed time spent in this place.
 B = Non-inter-level travel time spent in this place.
 C = Inter-level travel time spent in this place.
 D = Time resting spent in this place.
 E = Time spent auto-exploring this place.
 F = Levels seen in this place.
 G = Mean time per level.
                   A        B        C        D        E       F      G
               +--------+--------+--------+--------+--------+-----+--------+
         Total |  11980 |  11834 |    146 |   1341 |   3028 |   9 | 1331.1 |
       Dungeon |  11666 |  11520 |    146 |   1286 |   3028 |   8 | 1458.2 |
       Ossuary |    313 |    313 |      0 |     55 |      0 |   1 |  313.0 |
               +--------+--------+--------+--------+--------+-----+--------+

Top non-repeatable levels by time:
     D:8: 2892 daAuts
     D:1: 1581 daAuts
     D:4: 1358 daAuts
     D:2: 1321 daAuts
     D:5: 1167 daAuts
     D:3: 1133 daAuts
     D:6: 1123 daAuts
     D:7: 1088 daAuts
 Ossuary: 313 daAuts
